Map: Frozen Temple

Players

MajOr (SpeCial) - Winner!

  • Race: Terran Terran

ByRada

  • Race: Zerg Zerg
  • League: Grandmaster

Event: WCS Copa Intercontinental

VOD

https://youtu.be/cPxnpsynb4E

Description

Time

  • Played on: Sept. 9, 2016, 1:41 p.m.
  • Length: 11:48

All games in this series

Show
View Real Time Build Order
Export as new Build Order

MajOr Terran - Winner!

Build Orders: Reaper Expand 

Get SALT Encoding   

  12  0:00  SCV  
  13  0:13  SCV  
  14  0:18  Supply Depot  
  14  0:25  SCV  
  15  0:39  SCV  
  15  0:40  Barracks  
  16  0:43  Refinery  
  16  0:51  SCV  
  17  1:03  SCV  
  18  1:15  SCV  
  19  1:28  Orbital Command, Reaper  
  20  1:41  Command Center  
  20  1:51  Supply Depot  
  20  1:54  SCV  
  21  2:00  Marine  
  22  2:06  SCV  
  23  2:08  Factory  
  23  2:18  SCV  
  23  2:22  Barracks Reactor  
  24  2:30  SCV  
  25  2:42  SCV  
  26  2:45  Command Center  
  26  2:52  Orbital Command  
  26  2:54  SCV  
  27  2:59  Marine x2  
  27  3:05  Starport  
  29  3:08  SCV  
  29  3:11  Widow Mine  
  32  3:16  Refinery  
  32  3:22  Bunker  
  32  3:23  SCV  
  32  3:25  SCV  
  34  3:28  Marine  
  34  3:29  Marine  
  36  3:35  SCV  
  36  3:37  SCV  
  36  3:40  Factory Tech Lab  
  38  3:48  SCV  
  39  3:49  SCV  
  39  3:50  Marine x2  
  39  3:58  Medivac, Orbital Command  
  39  4:00  SCV  
  39  4:01  SCV  
  42  4:08  Marine x2  
  42  4:09  Supply Depot  
  44  4:12  SCV, Siege Tank  
  44  4:14  SCV  
  49  4:24  SCV  
  49  4:26  SCV x2, Marine x2  
  49  4:30  Medivac  
  56  4:33  Supply Depot  
  56  4:36  SCV  
  56  4:38  SCV x2  
  59  4:42  Refinery x2  
  59  4:44  Marine x2  
  61  4:48  SCV  
  61  4:50  SCV x2  
  61  4:52  Siege Tank  
  67  4:55  Supply Depot  
  67  5:01  Marine  
  67  5:02  Marine  
  67  5:03  SCV x3  
  67  5:04  Liberator  
  72  5:13  Engineering Bay x2  
  72  5:15  SCV x3  
  72  5:19  Supply Depot, Marine x2  
  77  5:27  SCV x2  
  82  5:32  Siege Tank  
  85  5:40  SCV x2, Marine x2  
  85  5:41  Supply Depot  
  85  5:42  Barracks  
  89  5:46  Barracks  
  89  5:50  Terran Infantry Weapons Level 1, Terran Infantry Armor Level 1  
  89  5:58  Marine x2  
  91  6:05  SCV x2, Siege Tank, Barracks  
  91  6:06  Barracks  
  91  6:09  Orbital Command  
  96  6:11  Supply Depot  
  96  6:12  Starport Reactor  
  96  6:15  Marine x2  
  96  6:17  SCV  
  98  6:25  SCV  
  98  6:29  Barracks, SCV  
  92  6:33  Marine  
  92  6:37  Siege Tank  
  92  6:38  SCV x2  
  92  6:39  Marine  
  92  6:41  SCV  
  92  6:42  Barracks Tech Lab  
  95  6:50  SCV x2  
  95  6:53  SCV  
  95  6:55  Barracks Tech Lab, Barracks Reactor  
  95  6:56  Medivac x2, Barracks Reactor  
  95  7:01  Marine x3  
  101  7:02  SCV x2  
  101  7:05  SCV  
  103  7:09  Stimpack  
  103  7:11  Armory  
  103  7:14  SCV x2  
  105  7:15  Marine  
  105  7:18  SCV, Marine x2, Combat Shields  
  105  7:22  Supply Depot x2  
  109  7:23  Barracks Reactor, Marine  
  109  7:26  SCV x2  
  112  7:30  SCV  
  112  7:33  Barracks, Siege Tank, Supply Depot, Marine  
  117  7:43  Medivac, SCV x2, Marine x3  
  124  7:46  Medivac, Marine x4  
  124  7:47  Missile Turret  
  124  7:49  Supply Depot x2  
  130  7:51  Marine  
  130  8:01  Marine x3  
  130  8:04  SCV x2, Marine x2  
  130  8:05  Marine  
  137  8:06  Siege Tank  
  137  8:10  Marine x4  
  137  8:11  Supply Depot  
  137  8:12  Supply Depot  
  145  8:13  Supply Depot, Refinery  
  145  8:15  Supply Depot, Terran Infantry Weapons Level 2  
  145  8:19  Marine  
  146  8:20  Marine x2  
  146  8:26  Marine  
  149  8:28  Marine  
  149  8:29  Marauder  
  149  8:31  Marine  
  153  8:34  Terran Vehicle Weapons Level 1  
  153  8:37  Barracks Tech Lab  
  153  8:38  Marine x4, Marauder  
  159  8:42  Marine  
  159  8:44  Marine  
  161  8:48  Marine  
  161  8:49  Marine  
  161  8:50  Terran Infantry Armor Level 2, Marauder  
  161  8:51  Command Center  
  165  8:55  Marine  
  165  8:58  Marine x4  
  165  8:59  Marine  
  165  9:00  Marine  
  165  9:02  Medivac, Marine  
  174  9:08  Siege Tank, Marine  
  174  9:09  Marine  
  178  9:11  Marine  
  178  9:13  Marine  
  178  9:16  Marine  
  178  9:17  Marine  
  177  9:22  Marine x2  
  177  9:23  Marine x2, Marauder  
  182  9:26  Marine x2  
  182  9:29  Marauder  
  186  9:31  Marine  
  186  9:32  Supply Depot x2, Command Center  
  186  9:34  Marine x2  
  188  9:40  Marine  
  189  9:47  Supply Depot  
  189  9:53  Medivac, Marine x3  
  189  9:54  Medivac, Marauder x2  
  200  10:11  Siege Tank  
  200  10:12  Marine, Marauder  
  200  10:27  Supply Depot x2  
  200  10:28  Missile Turret  
  200  10:40  Sensor Tower  
  200  10:50  Starport  
  200  10:51  Fusion Core  
  200  11:02  Marine x2, Marauder  
  200  11:04  Marine x2  
  186  11:05  Marine  
  186  11:06  Marine  
  186  11:07  Marine x2  
  186  11:11  Siege Tank  
  165  11:12  Marine, Marauder  
  168  11:20  Marine x2  
  168  11:22  Marine x2  
  168  11:23  Marine  
  168  11:24  Marauder  
  178  11:38  Starport Reactor  
Show
View Real Time Build Order
Export as new Build Order

ByRada Zerg 

Build Orders: Hatch First 

Get SALT Encoding   

  12  0:00  Drone  
  13  0:08  Drone  
  14  0:17  Overlord  
  14  0:23  Extractor  
  14  0:24  Drone  
  15  0:35  Drone x2  
  17  0:54  Hatchery  
  17  0:56  Drone  
  17  1:01  Drone  
  18  1:06  Extractor  
  18  1:11  Drone  
  18  1:20  Spawning Pool  
  18  1:23  Drone  
  18  1:28  Drone  
  19  1:37  Overlord  
  19  2:06  Queen x2  
  19  2:07  Zergling x2  
  19  2:08  Zergling x2, Metabolic Boost  
  25  2:12  Zergling x2  
  26  2:17  Drone  
  26  2:18  Drone  
  28  2:23  Drone  
  28  2:29  Drone  
  30  2:41  Drone x2  
  30  2:43  Queen, Drone  
  34  2:55  Overlord  
  34  3:06  Overlord  
  34  3:12  Queen  
  34  3:14  Drone x2  
  34  3:15  Roach Warren, Drone x2  
  34  3:18  Drone  
  40  3:22  Drone  
  40  3:25  Drone x2  
  43  3:34  Drone x3  
  43  3:39  Drone x2  
  48  3:51  Overlord  
  48  3:53  Drone x3  
  49  4:06  Roach  
  49  4:08  Overlord  
  51  4:10  Extractor  
  51  4:11  Extractor  
  51  4:12  Hatchery  
  51  4:14  Roach x2  
  51  4:26  Overlord  
  51  4:27  Drone x2  
  54  4:31  Drone x4  
  54  4:32  Drone  
  58  4:41  Drone x2  
  58  4:42  Drone x2  
  58  4:44  Ravager  
  65  4:45  Roach  
  65  4:56  Drone x2  
  65  4:58  Drone  
  68  5:00  Drone, Evolution Chamber  
  68  5:01  Extractor, Roach  
  68  5:02  Evolution Chamber  
  68  5:12  Roach  
  68  5:13  Roach x2  
  74  5:15  Drone  
  74  5:16  Overlord x2  
  74  5:19  Lair  
  75  5:31  Overlord x2  
  75  5:34  Zerg Ground Armor Level 1  
  75  5:35  Zerg Missile Weapons Level 1  
  75  5:36  Drone  
  75  5:39  Roach x3  
  82  5:46  Overlord x2  
  82  5:49  Drone x3  
  85  5:55  Roach x2  
  89  6:00  Zergling x8  
  93  6:08  Zergling x12  
  93  6:10  Ravager x2  
  100  6:22  Ravager x2  
  100  6:23  Roach x4  
  100  6:34  Roach x5  
  100  6:35  Roach x2  
  102  6:42  Queen  
  104  6:53  Roach x4  
  108  6:57  Roach x2  
  112  7:03  Zergling x4  
  112  7:04  Zergling x6  
  112  7:06  Glial Reconstitution  
  112  7:17  Drone x5  
  112  7:18  Queen, Drone  
  120  7:31  Drone x2  
  120  7:32  Drone x2  
  120  7:35  Spore Crawler  
  120  7:36  Hatchery, Roach x3  
  128  7:46  Zergling x2  
  128  7:48  Overlord x2  
  129  7:52  Zerg Ground Armor Level 2  
  129  7:55  Infestation Pit  
  127  8:12  Drone x2, Extractor  
  128  8:13  Ravager x2, Extractor  
  128  8:14  Ravager x2  
  128  8:15  Zergling x20  
  140  8:24  Roach x4  
  143  8:36  Overlord x3  
  143  8:39  Hive  
  143  8:41  Zerg Melee Weapons Level 1  
  143  8:46  Overlord x2  
  143  8:54  Drone  
  143  8:55  Drone x6  
  149  8:56  Drone x3  
  149  9:00  Roach x5  
  161  9:07  Zergling x8  
  163  9:20  Infestor x3  
  163  9:23  Zergling x14  
  169  9:27  Drone x3  
  168  9:39  Zergling x10  
  168  9:40  Zergling x8  
  176  9:45  Ravager x2  
  176  9:46  Ravager  
  178  9:56  Roach x6  
  187  10:01  Ultralisk Cavern  
  185  10:17  Overlord  
  185  10:18  Overlord  
  185  10:19  Drone x2  
  185  10:20  Drone x5  
  192  10:24  Queen, Extractor x2, Overlord x2  
  187  10:54  Ultralisk  
  160  11:05  Zergling x12  
  160  11:06  Zergling x26  
  130  11:13  Roach  
  130  11:14  Roach  
  130  11:15  Roach x2  
  130  11:18  Zergling x10  
  139  11:23  Roach Warren, Zergling x2  
Tags
 
Add a new tag
Caveats
  • Supply blocks, unpowered buildings, or Contaminate may cause inaccurate times.
  • Supply counts are checked every 10 seconds.